 Dungeon Crawl Stone Soup version 0.21.1-1-g345015fe64 (webtiles) character file.

100 Peloso the Covered (level 4, 0/41 HPs)
             Began as a Minotaur Fighter on Apr 9, 2018.
             Slain by an orc priest
             ... wielding a +0 flail
              (3 damage)
             ... on level 3 of the Dungeon.
             The game lasted 00:02:13 (1481 turns).

Peloso the Covered (Minotaur Fighter)               Turns: 1481, Time: 00:02:14

Health: 0/41       AC: 12    Str: 21    XL:     4   Next: 47%
Magic:  12/12      EV:  7    Int:  5    God:
Gold:   108        SH:  9    Dex: 10    Spells: 3/3 levels left

rFire    . . .     SeeInvis .   a - +0 long sword
rCold    . . .     Gourm    .   c - +0 shield
rNeg     . . .     Faith    .   b - +0 scale mail
rPois    .         Spirit   .   (helmet restricted)
rElec    .         Reflect  .   (no cloak)
rCorr    .         Harm     .   (no gloves)
MR       .....                  (no boots)
Stlth    ..........             (no amulet)
HPRegen  0.13/turn              i - +5 ring of protection
MPRegen  0.13/turn              k - ring of magical power

@: no status effects
A: retaliatory headbutt, horns 2
a: no special abilities


You were on level 3 of the Dungeon.
You were hungry.

You visited 1 branch of the dungeon, and saw 3 of its levels.

You collected 108 gold pieces.

Inventory:

Hand Weapons
 a - a +0 long sword (weapon)
Armour
 b - a +0 scale mail (worn)
 c - a +0 shield (worn)
Jewellery
 i - a +5 ring of protection (left hand)
 k - a ring of magical power (right hand)
Wands
 p - a wand of iceblast (7)
Scrolls
 e - a scroll of enchant weapon {unknown}
 g - 3 scrolls of teleportation {unknown}
 h - 8 scrolls of remove curse {unknown}
 m - a scroll of random uselessness {unknown}
 q - a scroll of identify {unknown}
Potions
 d - 2 potions of might
 j - 2 potions of curing {unknown}
 l - a potion of lignification {unknown}
 n - 2 potions of ambrosia {unknown}
 o - a potion of haste {unknown}
Comestibles
 f - 2 rations


   Skills:
 + Level 4.4 Fighting
 + Level 3.6 Long Blades
 + Level 4.5 Armour
 + Level 4.3 Shields


You had 3 spell levels left.
You didn't know any spells.

Dungeon Overview and Level Annotations

Branches:
Dungeon (3/15)

Altars:
Cheibriados


Innate Abilities, Weirdness & Mutations

You reflexively headbutt those who attack you in melee.
You have a pair of horns on your head.


Message History

* * * LOW HITPOINT WARNING * * *
The orc hits you with a hand axe.
* * * LOW HITPOINT WARNING * * *
A rat comes into view.
You barely miss the orc priest.
The orc priest is lightly wounded.
The orc priest mumbles some strange prayers to Beogh against you.
Beogh smites you!
* * * LOW HITPOINT WARNING * * *
The orc closely misses you.
You riposte.
You barely miss the orc. You headbutt the orc.
The orc is severely wounded.
You hit the orc priest but do no damage.
The orc priest is lightly wounded.
The orc priest hits you but does no damage.
The orc hits you but does no damage.
You slash the orc priest!
The orc priest is severely wounded.
The orc priest hits you with a flail.
You die...

#........|.....>#
###############.#
#### #.# #...
###########.# .##
#...........# #
#####.###########
# #............ #
#.###o######. #
#@# # #o# # #r# #
#.. # ###


You could see an orc priest, an orc and a rat.

Vanquished Creatures
  6 adders
  An ooze (D:1)
  A dart slug (D:2)
  A ball python (D:2)
  5 giant cockroaches
  4 goblins
  7 hobgoblins
  A quokka (D:2)
  2 bats
  3 frilled lizards
  4 kobolds
  6 rats
41 creatures vanquished.

Notes
Turn   | Place    | Note
-------+----------+-------------------------------------------
     0 | D:1      | Peloso the Minotaur Fighter began the quest for the Orb.
     0 | D:1      | Reached XP level 1. HP: 19/19 MP: 0/0
   118 | D:1      | Reached XP level 2. HP: 24/27 MP: 1/1
   693 | D:2      | Reached XP level 3. HP: 27/34 MP: 2/2
   878 | D:2      | Reached XP level 4. HP: 31/41 MP: 3/3
  1151 | D:2      | Found a snail-covered altar of Cheibriados.
  1479 | D:3      | HP: 2/41 [orc priest/divine providence (9)]
  1481 | D:3      | Slain by an orc priest

Skill      XL: |  1  2  3 |
---------------+----------+-----
Shields        | 4 |  4.3
Fighting       | 4 |  4.4
Long Blades    | 3 |  3.6
Armour         | 4 |  4.5

Action                   |  1- 3 |  4- 6 || total
-------------------------+-------+-------++-------
Melee: Long sword        |    55 |    44 ||    99
       Headbutt          |    10 |     8 ||    18
  Eat: Chunk             |       |     1 ||     1
Armor: Scale mail        |    19 |    18 ||    37
Dodge: Dodged            |    19 |     8 ||    27
Block: Shield            |    23 |    24 ||    47
       Rpst.: Long sword |     3 |     2 ||     5
